 Dungeon Crawl Stone Soup version 0.25-a0-166-g16436c4407 (webtiles) character file.

Game seed: 10881874097513682294, levelgen mode: deterministic

214247 Gumption the Peltast (level 18, -3/119 HPs)
             Began as a Gargoyle Hunter on Nov 24, 2019.
             Was the Champion of the Shining One.
             Slain by an alligator snapping turtle (22 damage)
             ... on level 2 of the Shoals on Nov 25, 2019.
             The game lasted 03:48:41 (33619 turns).

Gumption the Peltast (Gargoyle Hunter)             Turns: 33619, Time: 03:48:42

Health: -3/119     AC: 41    Str: 22    XL:     18   Next: 98%
Magic:  25/25      EV: 11    Int: 14    God:    the Shining One [******]
Gold:   2742       SH:  0    Dex: 10    Spells: 17/17 levels left

rFire    . . .     SeeInvis .   a - +3 dire flail (flame)
rCold    . . .     Gourm    .   (shield currently unavailable)
rNeg     + + +     Faith    .   C - +3 ring mail "Boilaat" {-Cast rN+ rCorr Slay+3}
rPois    ∞         Spirit   .   Y - +1 helmet
rElec    +         Reflect  .   U - +2 cloak
rCorr    +         Harm     .   Q - +2 pair of gloves
MR       +....     NoCast   +   D - +0 pair of boots
Stlth    +.........             W - amulet of regeneration
HPRegen  0.69/turn              X - +5 ring of protection
MPRegen  0.19/turn              (no ring)

@: flying, glowing
A: big wings, negative energy resistance 1, electricity resistance, unbreathing,
petrification resistance, rot immunity, AC +13
}: 1/15 runes: gossamer
a: Stop Flying, Divine Shield, Cleansing Flame, Summon Divine Warrior, Brand
Weapon With Holy Wrath, Renounce Religion


You were on level 2 of the Shoals.
You worshipped the Shining One.
The Shining One was exalted by your worship.
You were not hungry.

You visited 5 branches of the dungeon, and saw 29 of its levels.
You also visited: Sewer, Bailey, Ice Cave and Volcano.

You collected 3327 gold pieces.
You spent 585 gold pieces at shops.

Inventory:

Hand Weapons
 a - a +3 dire flail of flaming (weapon)
 b - a +1 triple crossbow of flaming
 i - a +2 morningstar of venom
 s - a +1 whip of electrocution
Missiles
 c - 54 poisoned darts (quivered)
 d - 89 bolts
 m - 7 curare-tipped darts
 P - 3 throwing nets
Armour
 v - +0 fire dragon scales
 C - the +3 ring mail "Boilaat" (worn) {-Cast rN+ rCorr Slay+3}
   (You found it on level 4 of the Dungeon)

   It affects your accuracy and damage with ranged weapons and melee attacks
   (+3).
   It protects you from negative energy.
   It prevents spellcasting.
   It provides partial protection from all sources of acid and corrosion.
 D - a +0 pair of boots (worn)
 Q - a +2 pair of gloves (worn)
 U - a +2 cloak (worn)
 Y - a +1 helmet (worn)
Jewellery
 n - an uncursed ring of protection from cold
 B - the ring "Wiolud" {rElec rF+ rC++ MR+ Stlth-}
   (You found it on level 5 of the Lair of Beasts)

   [ring of protection from magic]

   It protects you from fire.
   It greatly protects you from cold.
   It insulates you from electricity.
   It affects your resistance to hostile enchantments.
   It makes you less stealthy.
 I - an uncursed ring of protection from fire
 T - an uncursed ring of wizardry
 W - an amulet of regeneration (around neck)
 X - a +5 ring of protection (left hand)
Wands
 p - a wand of paralysis (27)
 F - a wand of flame (8)
 N - a wand of polymorph (22)
 R - a wand of iceblast (19)
 S - a wand of acid (7)
Scrolls
 g - 19 scrolls of teleportation
 h - 12 scrolls of remove curse
 j - 2 scrolls of magic mapping
 k - 6 scrolls of immolation
 l - 4 scrolls of enchant weapon
 q - 8 scrolls of fear
 t - 4 scrolls of blinking
 x - 3 scrolls of silence
 y - 2 scrolls of fog
 G - 2 scrolls of brand weapon
 K - a scroll of torment {unknown}
 M - 6 scrolls of enchant armour
 O - 3 scrolls of identify
Potions
 f - 4 potions of ambrosia
 o - 2 potions of brilliance
 r - 3 potions of heal wounds
 u - 6 potions of might
 w - 3 potions of haste
 z - 4 potions of curing
 E - 5 potions of mutation
 H - 4 potions of agility
 J - 4 potions of resistance
 L - 3 potions of berserk rage
 V - 3 potions of magic
Comestibles
 e - 52 rations
 A - 3 chunks of flesh


   Skills:
 + Level 15.4 Fighting
 + Level 13.3 Maces & Flails
 * Level 12.7 Crossbows
 + Level 15.3 Armour
 - Level 1.5 Dodging
 - Level 1.1 Stealth
   Level 17.6 Shields
 - Level 10.0 Invocations


You had 17 spell levels left.
You didn't know any spells.
Your spell library contained the following spells:

 Spells                   Type           Power        Failure   Level  Hunger
 Infusion                 Chrm           #...         36%         1    ##.....
 Magic Dart               Conj           #...         36%         1    ##.....
 Searing Ray              Conj           #.....       52%         2    ###....
 Shroud of Golubria       Chrm/Tloc      #.....       52%         2    ###....
 Song of Slaying          Chrm           #.......     52%         2    ###....
 Swiftness                Chrm/Air       #.......     52%         2    ###....
 Dazzling Spray           Conj/Hex       #.....       75%         3    ####...
 Mephitic Cloud           Conj/Pois/Air  #.......     75%         3    ####...
 Regeneration             Chrm/Necr      #.........   75%         3    ####...
 Spectral Weapon          Hex/Chrm       #.......     75%         3    ####...
 Force Lance              Conj/Tloc      #.......     98%         4    #####..
 Fulminant Prism          Conj/Hex       #.........   98%         4    #####..
 Iskenderun's Mystic Bla  Conj           #.......     98%         4    #####..
 Irradiate                Conj/Tmut      #.........   100%        5    ######.
 Silence                  Hex/Air        #.........   100%        5    ######.
 Hydra Form               Tmut           #.........   100%        6    #######
 Dragon Form              Tmut           #.........   100%        7    #######
 Statue Form              Tmut/Erth      Unusable     N/A         6    N/A

Dungeon Overview and Level Annotations

Branches:
Dungeon (15/15)            Temple (0/1) D:6            Lair (6/6) D:10
 Shoals (2/4) Lair:2       Spider (4/4) Lair:3        Slime (0/5) Lair:6
    Orc (2/2) D:12            Elf (0/3) Orc:2        Vaults (0/5) D:13
 Depths (0/5) D:15          Sewer (visited)          Bailey (visited)
  IceCv (visited)         Volcano (visited)

Altars:
Cheibriados
Fedhas
Gozag
Hepliaklqana
Sif Muna
Trog
Uskayaw
Xom
The Shining One
Beogh
Jiyva

Shops:
D:5 [   D:7 *   Orc:2 [((%

Portals:
Trove: D:13 (give +8 demon whip)

Annotations:
D:11 3 runed translucent doors, Jeful's ghost, journeyman TrMo
Lair:5 1 runed translucent door, Docy's ghost, journeyman MiBe


Innate Abilities, Weirdness & Mutations

You are resistant to torment.
Your stone body is resilient. (AC +13)
You are immune to poison.
Your large and strong wings let you fly indefinitely.
You resist negative energy. (rN+)
You are resistant to electric shocks. (rElec)
You can survive without breathing.
You are immune to petrification.
You are immune to rotting.


Message History

The alligator snapping turtle bites you but does no damage.
Things that are here:
a sling bullet; a stone The harpy closely misses you.
The harpy claws you but does no damage.
The alligator snapping turtle bites you from afar!
* * * LOW HITPOINT WARNING * * *
You see here a stone.
The harpy screeches!
You see here a stone.
The harpy claws you.
* * * LOW HITPOINT WARNING * * *
The harpy claws you.
* * * LOW HITPOINT WARNING * * *
You feel much better. The harpy claws you!
* * * LOW HITPOINT WARNING * * *
The harpy claws you but does no damage.
The alligator snapping turtle bites you from afar!!
The Shining One protects you from harm!
The alligator snapping turtle bites you from afar!!
You die...

..≈..≈≈≈≈≈≈≈≈≈≈≈≈≈≈≈≈≈≈≈≈≈≈≈≈≈
.≈≈≈≈≈≈≈≈≈≈≈≈≈≈≈≈≈≈≈≈≈≈≈≈≈≈≈≈≈
.≈≈≈≈≈≈≈..≈≈≈≈≈≈≈≈≈≈≈≈≈≈≈≈≈≈≈≈
≈≈≈.≈≈≈≈≈≈≈≈≈≈≈≈≈≈≈≈≈≈≈≈≈≈≈≈≈≈
≈....≈≈.≈≈≈≈≈≈≈≈≈≈≈≈≈))≈≈≈≈≈≈≈
≈.......≈≈≈≈(≈≈≈≈≈....≈≈≈≈≈≈≈≈
≈...#..)≈..≈≈≈≈≈≈.....≈≈≈≈≈≈≈≈
≈.....≈≈(≈≈t(......###.≈≈≈≈≈≈≈
....>≈≈))(HtH@#....###.≈≈≈≈≈≈≈
?.......)≈######...##.≈≈≈≈≈≈≈≈
...≈≈..≈≈.# ##.....≈≈≈≈≈≈≈≈
...≈≈.≈≈≈.# ###..≈≈≈≈≈≈≈≈≈
.(.≈.≈≈≈.## #.≈≈≈≈≈≈≈≈≈≈
..≈≈≈≈≈≈.# #.≈≈≈≈≈≈≈≈≈≈
..≈≈≈≈≈≈.# ..≈≈≈≈≈≈≈≈≈≈
..≈≈≈≈≈≈.. ..≈≈≈≈≈≈≈≈≈≈≈
≈≈≈≈≈≈≈≈≈≈≈≈≈≈


You could see 2 alligator snapping turtles, a hippogriff and a harpy.

Vanquished Creatures
  Arachne (Spider:3)
  Jorgrun (Orc:2)
  Asterion (Spider:1)
  Gastronok (D:12)
  An orc warlord (Orc:2)
  3 ghost moths
  6 emperor scorpions
  2 entropy weavers
  2 spark wasps (Spider:4)
  Snorg (Orc:2)
  A merfolk javelineer (Shoals:1)
  A merfolk impaler (Shoals:1)
  Josephine (D:12)
  A fire dragon (Volcano)
  An ogre mage (D:12)
  Fannar (Lair:1)
  8 vault guards (D:13)
  8 hydras
  4 catoblepae
  Harold (D:9)
  3 merfolk avatars
  6 centaur warriors
  10 death yaks
  2 two-headed ogres
  3 tengu warriors
  An orc high priest (Orc:2)
  3 unseen horrors
  2 wizards (D:15)
  3 deep elf magi
  A necromancer (D:15)
  2 wolf spider zombies (D:15)
  A harpy (Shoals:2)
  A lindwurm (Volcano)
  12 ugly things
  2 orc sorcerers (Bailey)
  12 orb spiders
  5 oklob plants
  4 orc knights
  7 fauns
  25 wolf spiders
  11 manticores
  5 cyclopes
  5 centaur zombies
  3 moths of wrath
  Psyche (D:9)
  2 ice statues (IceCv)
  3 black mambas
  17 elephants
  3 torpor snails
  7 merfolk sirens
  2 molten gargoyles (Volcano)
  A gargoyle (D:11)
  9 spiny frogs
  6 demonic crawlers
  4 rime drakes
  An efreet (D:15)
  11 komodo dragons
  5 kobold demonologists
  A tengu conjurer (D:14)
  11 trolls
  2 merfolk
  2 wind drakes (Shoals:1)
  A queen bee (Lair:1)
  A troll (shapeshifter) (D:15)
  A harpy zombie (D:14)
  33 jumping spiders
  9 slime creatures
  7 hornets
  3 dream sheep (Shoals:1)
  7 hippogriffs
  A snapping turtle (Shoals:1)
  8 blink frogs (Lair:6)
  A shadow (D:13)
  7 water elementals
  71 redbacks
  4 wraiths (D:12)
  26 tarantellas
  A human (D:8)
  A vampire (D:11)
  4 fire bats (Volcano)
  3 hogs (D:8)
  4 wyverns
  89 yaks
  A steam dragon (D:12)
  7 vampire mosquitoes
  3 basilisks
  3 hungry ghosts
  A warg (shapeshifter) (D:13)
  2 insubstantial wisps (D:12)
  2 wargs (Orc:2)
  3 hell hounds (Volcano)
  3 acid dragons
  5 porcupines
  12 water moccasins
  5 sky beasts
  42 orc warriors
  12 ice beasts
  A black bear (D:5)
  13 ogres
  2 phantoms
  An eye of draining (D:12)
  5 boggarts (D:15)
  4 centaurs
  12 wolves
  15 crocodiles
  5 big kobolds
  14 bullfrogs
  A wyvern skeleton (D:10)
  2 wyvern zombies (D:14)
  4 scorpions
  11 wights
  38 killer bees
  12 electric eels
  A howler monkey (D:10)
  7 lava snakes (Volcano)
  7 crimson imps
  A bullfrog zombie (D:12)
  31 orc wizards
  A bullfrog skeleton (D:9)
  2 centaur skeletons
  2 jellies
  23 orc priests
  4 hounds
  2 iguanas
  11 worker ants
  2 hound zombies (D:9)
  A hound skeleton (D:5)
  12 gnolls
  11 adders
  5 river rats (Sewer)
  5 shadow imps
  12 white imps (D:13)
  2 adder zombies (D:10)
  3 worms
  2 dart slugs
  9 leopard geckos
  115 orcs
  3 ball pythons
  4 bats
  18 giant cockroaches
  20 goblins
  12 hobgoblins
  3 jackals (D:10)
  A quokka (D:2)
  13 frilled lizards
  A jackal zombie (D:9)
  15 kobolds
  2 leopard gecko skeletons
  A quokka zombie (D:8)
  15 rats
1165 creatures vanquished.

Vanquished Creatures (others)
  An ugly thing (D:15)
  A cyclops (D:12)
  A hippogriff (Shoals:1)
  5 centaurs (D:15)
  A bullfrog (D:12)
  An adder skeleton (D:4)
  5 orcs
  11 fungi
  13 plants
39 creatures vanquished.

Grand Total: 1204 creatures vanquished

Notes
Turn   | Place    | Note
-------+----------+-------------------------------------------
     0 | D:1      | Gumption the Gargoyle Hunter began the quest for the Orb.
     0 | D:1      | Reached XP level 1. HP: 12/12 MP: 1/1
   188 | D:1      | Reached XP level 2. HP: 18/18 MP: 2/2
   918 | D:1      | Reached skill level 1 in Armour
  1073 | D:1      | Reached XP level 3. HP: 22/22 MP: 3/3
  1834 | D:2      | Found a blossoming altar of Fedhas.
  2098 | D:3      | Reached XP level 4. HP: 28/28 MP: 4/4
  2103 | D:3      | Found a hide-covered altar of Uskayaw.
  2467 | D:3      | Found a shimmering blue altar of Sif Muna.
  2517 | D:3      | Found a glowing drain.
  2540 | Sewer    | Entered a sewer
  2840 | Sewer    | Reached skill level 1 in Shields
  2989 | Sewer    | Reached XP level 5. HP: 26/32 MP: 5/5
  3733 | D:3      | Found a shimmering altar of Xom.
  3879 | D:3      | Reached skill level 5 in Crossbows
  4068 | D:3      | Found a glowing golden altar of the Shining One.
  4103 | D:3      | Became a worshipper of the Shining One
  4448 | D:4      | Noticed an ogre
  4459 | D:4      | Killed an ogre
  4459 | D:4      | Reached skill level 2 in Shields
  4459 | D:4      | Reached XP level 6. HP: 23/38 MP: 6/6
  5293 | D:4      | Reached XP level 7. HP: 42/44 MP: 7/7
  5310 | D:4      | Got a smoking ring mail
  5321 | D:4      | Identified the +3 ring mail "Boilaat" {-Cast rN+ rCorr
                  | Slay+3} (You found it on level 4 of the Dungeon)
  5844 | D:5      | Entered Level 5 of the Dungeon
  5860 | D:5      | Reached skill level 3 in Shields
  5908 | D:5      | Found Guwaronn's Armour Shoppe.
  5919 | D:5      | Reached skill level 1 in Maces & Flails
  5936 | D:5      | Bought a +0 helmet for 54 gold pieces
  5936 | D:5      | Bought a +0 pair of boots for 54 gold pieces
  6057 | D:5      | Reached * piety under the Shining One
  6057 | D:5      | Reached skill level 5 in Fighting
  6167 | D:5      | Reached skill level 4 in Shields
  6167 | D:5      | Reached XP level 8. HP: 49/49 MP: 8/8
  6498 | D:5      | Reached skill level 5 in Armour
  6614 | D:6      | Reached ** piety under the Shining One
  6634 | D:6      | Reached XP level 9. HP: 38/56 MP: 9/9
  6807 | D:6      | Found a staircase to the Ecumenical Temple.
  6988 | D:6      | Noticed a hornet
  6993 | D:6      | Killed a hornet
  7005 | D:6      | Found an opulent altar of Gozag.
  7304 | D:6      | Found a snail-covered altar of Cheibriados.
  7559 | D:7      | Found a hazy altar of Hepliaklqana.
  7596 | D:7      | Reached skill level 5 in Maces & Flails
  7783 | D:7      | Found Bischinu Xazo's Assorted Antiques.
  7937 | D:7      | Noticed a troll
  7940 | D:7      | Killed a troll
  8073 | D:8      | Reached *** piety under the Shining One
  8217 | D:8      | Noticed a two-headed ogre
  8226 | D:8      | Killed a two-headed ogre
  8226 | D:8      | Reached skill level 5 in Shields
  8226 | D:8      | Reached XP level 10. HP: 44/64 MP: 10/10
  8845 | D:8      | Reached skill level 6 in Shields
  9063 | D:9      | Noticed Psyche
  9085 | D:9      | Killed Psyche
  9085 | D:9      | Reached skill level 7 in Shields
  9587 | D:9      | Noticed Harold
  9613 | D:9      | Killed Harold
  9613 | D:9      | Reached XP level 11. HP: 50/69 MP: 11/11
  9810 | D:10     | Entered Level 10 of the Dungeon
  9839 | D:10     | Identified a scroll of acquirement
 10076 | D:10     | Reached skill level 8 in Shields
 10106 | D:10     | Reached **** piety under the Shining One
 10199 | D:10     | Noticed an unseen horror
 10209 | D:10     | Killed an unseen horror
 10421 | D:10     | Noticed an oklob plant
 10424 | D:10     | Found a staircase to the Lair.
 10441 | D:10     | Killed an oklob plant
 10702 | Lair:1   | Entered Level 1 of the Lair of Beasts
 10702 | Lair:1   | Noticed a four-headed hydra
 10714 | Lair:1   | Killed a four-headed hydra
 10714 | Lair:1   | Reached skill level 9 in Shields
 10888 | Lair:1   | Noticed a seven-headed hydra
 10900 | Lair:1   | Killed a seven-headed hydra
 11371 | Lair:1   | Noticed Fannar
 11389 | Lair:1   | Noticed a four-headed hydra
 11416 | Lair:1   | Killed a four-headed hydra
 11466 | Lair:1   | Reached XP level 12. HP: 44/77 MP: 12/12
 11496 | Lair:1   | Reached skill level 10 in Shields
 12111 | Lair:1   | Reached skill level 10 in Fighting
 12185 | Lair:1   | Killed Fannar
 12840 | Lair:2   | Reached skill level 10 in Crossbows
 12918 | Lair:2   | Reached skill level 11 in Shields
 12997 | Lair:2   | Reached skill level 10 in Armour
 13196 | Lair:2   | Found a staircase to the Shoals.
 14107 | Lair:3   | Reached XP level 13. HP: 64/83 MP: 13/13
 14228 | Lair:3   | Reached skill level 12 in Shields
 14855 | Lair:3   | Found a hole to the Spider Nest.
 15918 | Lair:4   | Reached skill level 13 in Shields
 15986 | Lair:4   | Reached ***** piety under the Shining One
 16405 | Lair:5   | Reached skill level 1 in Invocations
 16503 | Lair:5   | Reached skill level 10 in Maces & Flails
 16887 | Lair:5   | Found a runed translucent door.
 17030 | Lair:5   | Gained mutation: Your large and strong wings let you fly
                  | indefinitely. [Gargoyle growth]
 17030 | Lair:5   | Reached XP level 14. HP: 91/91 MP: 15/15
 17511 | Lair:5   | Noticed Docy's ghost (journeyman MiBe)
 17547 | Lair:6   | Entered Level 6 of the Lair of Beasts
 17688 | Lair:6   | Found a dark tunnel.
 17729 | Volcano  | Entered a volcano
 18035 | Volcano  | Found a bloodstained altar of Trog.
 18363 | Lair:6   | Reached skill level 14 in Shields
 18928 | Lair:6   | Found a viscous altar of Jiyva.
 18930 | Lair:6   | Found a staircase to the Slime Pits.
 19158 | Lair:6   | Reached skill level 5 in Invocations
 19365 | Lair:6   | Identified the Disquisition on Lightness
 19495 | Lair:6   | Reached XP level 15. HP: 60/97 MP: 19/19
 20284 | Lair:5   | Reached skill level 15 in Shields
 20288 | Lair:5   | Got a shimmering marble ring
 20339 | Lair:5   | Identified the ring "Wiolud" {rElec rF+ rC++ MR+ Stlth-}
                  | (You found it on level 5 of the Lair of Beasts)
 20348 | Lair:5   | Reached XP level 16. HP: 103/103 MP: 20/20
 20587 | D:11     | Found a glowing golden altar of the Shining One.
 20904 | D:11     | Found a runed translucent gate.
 20905 | D:11     | Found a runed translucent gate.
 20906 | D:11     | Found a runed translucent gate.
 20907 | D:11     | Noticed Jeful's ghost (journeyman TrMo)
 21463 | D:12     | Noticed Josephine
 21482 | D:12     | Killed Josephine
 21501 | D:12     | Reached ****** piety under the Shining One
 21638 | D:12     | Found a staircase to the Orcish Mines.
 22113 | D:12     | Noticed Gastronok
 22136 | D:12     | Killed Gastronok
 22136 | D:12     | Reached skill level 16 in Shields
 22630 | D:13     | Found a frozen archway.
 22672 | IceCv    | Entered an ice cave
 22673 | IceCv    | Found a transporter.
 22730 | IceCv    | Found a transporter.
 22916 | D:13     | Found a gate to the Vaults.
 23175 | D:13     | Found a portal to a secret trove of treasure.
 23747 | D:14     | Found a flagged portal.
 23764 | Bailey   | Entered a bailey
 23815 | Bailey   | Found an iron altar of Okawaru.
 24415 | D:14     | Reached XP level 17. HP: 109/109 MP: 23/23
 25115 | Orc:1    | Entered Level 1 of the Orcish Mines
 25401 | Orc:2    | Entered Level 2 of the Orcish Mines
 25403 | Orc:2    | Found a staircase to the Elven Halls.
 25467 | Orc:1    | Reached skill level 17 in Shields
 25670 | Orc:2    | Found a roughly hewn altar of Beogh.
 25683 | Orc:2    | Found Vioristrolumm's Weapon Emporium.
 25739 | Orc:2    | Noticed Snorg
 25761 | Orc:2    | Killed Snorg
 25812 | Orc:2    | Noticed Jorgrun
 25845 | Orc:2    | Killed Jorgrun
 26026 | Orc:1    | Found a bloodstained altar of Trog.
 26341 | Orc:2    | Found a roughly hewn altar of Beogh.
 26664 | Orc:2    | Found Qummann's Antique Weapon Emporium.
 26665 | Orc:2    | Found a roughly hewn altar of Beogh.
 26666 | Orc:2    | Found Fuesoll's Antique Armour Shoppe.
 26673 | Orc:2    | Bought a steaming flail for 297 gold pieces
 26679 | Orc:2    | Bought a pair of runed gloves for 180 gold pieces
 26692 | Orc:2    | Identified the cursed +1 flail of Execution {flame, Str+4}
                  | (You bought it in a shop on level 2 of the Orcish Mines)
 26744 | Orc:2    | Found a roughly hewn altar of Beogh.
 26755 | Orc:2    | Found a roughly hewn altar of Beogh.
 26834 | Orc:2    | Found a roughly hewn altar of Beogh.
 26835 | Orc:2    | Found Joluul's Food Shop.
 26913 | Orc:2    | Found a roughly hewn altar of Beogh.
 27085 | D:15     | Entered Level 15 of the Dungeon
 27305 | D:15     | Found a shimmering altar of Xom.
 27926 | D:13     | Got a smoking dire flail
 27933 | D:13     | Identified the cursed +1 dire flail "Feochomub" {flame,
                  | +Fly rElec} (You found it on level 13 of the Dungeon)
 28176 | D:15     | Found a staircase to the Depths.
 28442 | Spider:1 | Entered Level 1 of the Spider Nest
 28804 | Spider:1 | Noticed Asterion
 28826 | Spider:1 | HP: 3/111 [green death[Asterion] (18)]
 29020 | Spider:1 | Killed Asterion
 29284 | Spider:2 | HP: 5/112 [wolf spider (1)]
 29307 | Spider:2 | HP: 5/112 [wolf spider (6)]
 29317 | Spider:2 | HP: 2/112 [tarantella (5)]
 29673 | Spider:2 | Reached skill level 10 in Invocations
 29805 | Spider:2 | You are sucked into a shaft and drop 1 floor!
 29835 | Spider:3 | Reached XP level 18. HP: 117/117 MP: 25/25
 30310 | Spider:2 | Found the cursed necklace of Bloodlust {*Rage +Rage MR++
                  | Int-3 Slay+6 *Curse}
 31203 | Spider:4 | Entered Level 4 of the Spider Nest
 31361 | Spider:4 | Noticed Arachne
 31379 | Spider:3 | Killed Arachne
 31647 | Spider:4 | Reached skill level 15 in Fighting
 31910 | Spider:4 | Reached skill level 15 in Armour
 32434 | Spider:4 | Got a gossamer rune of Zot
 32621 | Shoals:1 | Entered Level 1 of the Shoals
 33618 | Shoals:2 | HP: 2/119 [harpy (5)]
 33619 | Shoals:2 | The Shining One protects you from harm!
 33619 | Shoals:2 | Slain by an alligator snapping turtle

Levels and vault maps discovered:
D:1:      lightli_arrival_chessboard, layout_loops_ring
D:2:      minmay_roachtagon, layout_rooms, fedhas_altar_3,
          hangedman_abyss_or_decor_lesser_grid, chequers_garden,
          grunt_ministairs_3
D:3:      layout_basic, led_sif_book, overflow_temple_1_default,
          lemuel_doored_altar, xom_butterflies, gup_sewer_entry_pipe,
          first_ration
D:4:      layout_basic, nrook_mini_vaults, lemuel_flame_loot_1
D:5:      layout_loops_ring, serial_shops,
          nicolae_shop_temple_entry_statues_fountains
D:6:      layout_cave_pools, lemuel_coloured_pillars_altar,
          minmay_temple_entry_sparse_star, nicolae_gozag_seed_capital
D:7:      layout_basic, overflow_temple_1_default, serial_shops,
          nicolae_shop_window_shopping
D:8:      layout_loops_ring, grunt_livestock, kennysheep_pointless_box
D:9:      layout_layer_cave, minivault_24, uniq_harold, uniq_psyche
D:10:     layout_roguey, dpeg_oklobed_lair, eino_tiny_chamber
D:11:     layout_long_grid, ebering_ghost_rock_garden, basic_altar
D:12:     minmay_the_grid_triangle_9x9_line_8_mashed
          [minmay_the_grid_triangle_9x9_odd_lines,
          minmay_the_grid_triangle_9x9_sprig,
          minmay_the_grid_triangle_9x9_corrupted_corridor,
          minmay_the_grid_triangle_9x9_corruption,
          minmay_the_grid_triangle_9x9_intruding_spiral,
          minmay_the_grid_triangle_9x9_stretched_checkered,
          minmay_the_grid_triangle_9x9_windchime,
          minmay_the_grid_triangle_9x9_prize_insulated], layout_basic,
          hangedman_misty_isle, uniq_josephine, uniq_gastronok
D:13:     layout_irregular_city, erik_vaults_2, portal_ice_cave_entry_imps,
          enter_trove_6
D:14:     layout_gridville, kennysheep_boxes, lightli_bailey_entry_fortress
D:15:     grunt_enter_depths_magical_seal, layout_basic, basic_altar
Lair:1:   layout_cave_pods, special_room [special_room_bee],
          infiniplex_staircase_pool_2, grunt_megastairs_3, serial_bayou_shore_a,
          uniq_fannar
Lair:2:   layout_cave_pods, elwin_shoals_entry_stream, st_stairs_13,
          grunt_megastairs_5, infiniplex_staircase_pool, lemuel_fruit_tree
Lair:3:   layout_chaotic_city, spider_nest_entry_webs, beast_lair_carwin_3
Lair:4:   layout_long_grid
Lair:5:   beast_lair_carwin_large_4, layout_cave_pods,
          ebering_ghost_reflecting_pool, minmay_lair_oklob_chamber,
          lemuel_fruit_fields
Lair:6:   evilmike_catoblepas_cave, layout_small_grid, slime_altar_1,
          nicolae_volcano_entry_s_turn
Shoals:1: layout_shoals
Shoals:2: layout_shoals, nicolae_shoals_siren_and_animal_friends
Spider:1: layout_spider_delve, uniq_asterion
Spider:2: layout_spider_delve
Spider:3: layout_spider_delve
Spider:4: spider_rune_water, drop_trap, uniq_arachne
Orc:1:    layout_diamond_mine, trog_book
Orc:2:    grunt_orc_community_town_hall, layout_diamond_mine,
          grunt_orc_community_big_house_2, grunt_orc_community_big_house_1,
          grunt_orc_community_house_1, grunt_orc_community_house_1,
          grunt_orc_community_house_2, grunt_orc_community_house_3,
          grunt_orc_community_house_2, grunt_orc_community_house_3, uniq_snorg,
          uniq_jorgrun

Skill      XL: |  1  2  3  4  5  6  7  8  9 10 11 12 13 14 15 16 17 18 |
---------------+-------------------------------------------------------+-----
Armour         | 1 2 3 4 5 7 8 9 10 11 12 13 14 15 | 15.3
Fighting       | 3 4 5 6 7 8 9 10 11 12 13 14 15 | 15.4
Shields        | 1 2 4 5 7 9 11 13 14 15 16 17 | 17.6
Crossbows      | 5 6 8 9 10 12 | 12.7
Maces & Flails | 2 3 5 6 7 8 10 11 12 13 | 13.3
Invocations    | 2 5 8 10 | 10.0
Dodging        | |  1.5
Stealth        | |  1.1

Action                   |  1- 3 |  4- 6 |  7- 9 | 10-12 | 13-15 | 16-18 || total
-------------------------+-------+-------+-------+-------+-------+-------++-------
Melee: Short sword       |   199 |       |       |       |       |       ||   199
       Spear             |    10 |   387 |       |       |       |       ||   397
       Whip              |       |       |   238 |   792 |  1216 |  1790 ||  4036
       Dire flail        |       |       |       |       |       |   775 ||   775
       Flail             |       |       |       |       |       |    45 ||    45
 Fire: Hand crossbow     |     7 |    17 |    21 |    48 |    16 |    24 ||   133
       Triple crossbow   |       |       |       |       |       |   135 ||   135
Throw: Dart              |       |     5 |     5 |     2 |       |     2 ||    14
 Abil: Fly               |       |       |       |       |     1 |     1 ||     2
       Stop Flying       |       |       |       |       |       |     1 ||     1
Evoke: Wand              |       |       |       |       |       |     3 ||     3
  Use: Scroll            |     8 |     4 |     9 |     4 |     9 |    18 ||    52
       Potion            |       |       |       |     3 |     1 |     9 ||    13
 Stab: Sleeping          |     1 |       |       |       |       |       ||     1
  Eat: Chunk             |     4 |     6 |     8 |    19 |    16 |    31 ||    84
       Ration            |       |     1 |     1 |     1 |     2 |     4 ||     9
Armor: Leather armour    |    47 |       |       |       |       |       ||    47
       Scale mail        |   107 |   170 |       |       |       |       ||   277
       Plate armour      |       |    20 |       |       |       |       ||    20
       Ring mail         |       |       |    82 |   286 |   346 |  1452 ||  2166
       Fire dragon scale |       |       |       |       |     5 |       ||     5
Dodge: Dodged            |   174 |   226 |   107 |   166 |   189 |   851 ||  1713
Block: Buckler           |       |    84 |    42 |       |       |       ||   126
       Shield            |       |       |    11 |    64 |       |       ||    75
       Large shield      |       |       |       |   561 |   993 |  1465 ||  3019
       Reflection        |       |       |       |     1 |    24 |    78 ||   103

Table legend:
 A = Non-vault XP
 B = Vault XP
 C = Vault XP percentage of total XP
 D = Non-vault monster count
 E = Vault monster count
 F = Vault count percentage of total count
                 A         B        C        D         E       F
            +---------+---------+-------+---------+---------+-------
      Total |  168369 |  104099 |  38.2 |     790 |     388 |  32.9
            +---------+---------+-------+---------+---------+-------
        D:1 |      35 |       0 |   0.0 |      22 |       0 |   0.0
        D:2 |      28 |      23 |  45.1 |      13 |      12 |  48.0
        D:3 |      30 |      59 |  66.3 |      12 |       7 |  36.8
        D:4 |     334 |       0 |   0.0 |      10 |       0 |   0.0
        D:5 |    1278 |       0 |   0.0 |      30 |       0 |   0.0
        D:6 |    1832 |       0 |   0.0 |      30 |       0 |   0.0
        D:7 |     439 |       0 |   0.0 |       9 |       0 |   0.0
        D:8 |    1603 |     992 |  38.2 |      22 |       5 |  18.5
        D:9 |    1401 |    1410 |  50.2 |      21 |       2 |   8.7
       D:10 |    2691 |     572 |  17.5 |      31 |       1 |   3.1
       D:11 |    1895 |       0 |   0.0 |      12 |       0 |   0.0
       D:12 |    7015 |   13428 |  65.7 |      48 |      31 |  39.2
       D:13 |    8966 |    7934 |  46.9 |      28 |      20 |  41.7
       D:14 |    7665 |      78 |   1.0 |      23 |      12 |  34.3
       D:15 |   10906 |    4504 |  29.2 |      53 |       8 |  13.1
     Lair:1 |    7585 |    4514 |  37.3 |      31 |      28 |  47.5
     Lair:2 |    2775 |    3198 |  53.5 |      14 |      12 |  46.2
     Lair:3 |    5954 |    2008 |  25.2 |      26 |       8 |  23.5
     Lair:4 |    7722 |       0 |   0.0 |      32 |       0 |   0.0
     Lair:5 |    1478 |    9232 |  86.2 |       8 |      22 |  73.3
     Lair:6 |   17022 |   11475 |  40.3 |      57 |      23 |  28.8
   Shoals:1 |    9308 |       0 |   0.0 |      21 |       0 |   0.0
   Shoals:2 |    6598 |     592 |   8.2 |      11 |       1 |   8.3
   Spider:1 |    8155 |    2643 |  24.5 |      15 |       1 |   6.2
   Spider:2 |   22955 |       0 |   0.0 |      69 |       0 |   0.0
   Spider:3 |   19448 |    3663 |  15.8 |      54 |       1 |   1.8
   Spider:4 |    8905 |   16864 |  65.4 |      26 |      29 |  52.7
      Orc:1 |    2658 |      49 |   1.8 |      36 |       3 |   7.7
      Orc:2 |    1688 |   10465 |  86.1 |      26 |      67 |  72.0
      Sewer |       0 |     109 | 100.0 |       0 |      23 | 100.0
     Bailey |       0 |    3653 | 100.0 |       0 |      44 | 100.0
      IceCv |       0 |    2651 | 100.0 |       0 |      10 | 100.0
    Volcano |       0 |    3983 | 100.0 |       0 |      18 | 100.0
            +---------+---------+-------+---------+---------+-------
